 Dungeon Crawl Stone Soup version 0.31-a0-202-g547052bce9 (webtiles) character file.

Game seed: 9868518725680807547

96082 AvylaarBelgium the Eclecticist (level 15, -14/87 HPs)
             Began as a Deep Elf Conjurer on June 26, 2023.
             Was a High Priest of Vehumet.
             Killed from afar by a salamander tyrant (44 damage)
             ... with a flame surge
             ... on level 2 of the Snake Pit on June 27, 2023.
             The game lasted 01:26:04 (23792 turns).

AvylaarBelgium the Eclecticist (Deep Elf Conjurer) Turns: 23792, Time: 01:26:05

Health: -14/87     AC: 13    Str:  4    XL:     15   Next: 68%
Magic:  14/40      EV: 18    Int: 31    God:    Vehumet [*****.]
Gold:   752        SH:  0    Dex: 13    Spells: 25/52 levels left

rFire   . . .        n - +8 whip "Snakebite" {venom, curare, rPois}
rCold   + . .        (no shield)
rNeg    . . .        m - +2 leather armour {rC+}
rPois   +            I - +1 hat
rElec   .            a - +1 cloak {rCorr}
rCorr   +            t - +0 pair of gloves
SInv    .            Z - +1 pair of boots
Will    +++..        W - amulet of regeneration
Stlth   +++          x - ring of flight
HPRegen 1.14/turn    P - +5 ring of evasion
MPRegen 0.27/turn

%: clarity
@: flying
A: horns 1, iridescent scales 1, clarity, strong-willed 2
a: Renounce Religion


You were on level 2 of the Snake Pit.
You worshipped Vehumet.
Vehumet was extremely pleased with you.
You visited 4 branches of the dungeon, and saw 19 of its levels.
You visited 1 bazaar.
You also visited: Sewer, Bailey and Ice Cave.

You collected 1658 gold pieces.
You spent 906 gold pieces at shops.

Inventory:

Hand Weapons
 n - the +8 whip "Snakebite" (weapon) {venom, curare, rPois}
   (You found it on level 1 of the Lair of Beasts)

   rPois:     It protects you from poison.
Armour
 a - a +1 cloak of preservation (worn)
 m - a +2 leather armour of cold resistance (worn)
 o - the +0 ring mail of the Tired Spirits {rF+ rC+ Int+3}
   (You bought it in a shop in a bazaar)

   Int:       It affects your intelligence (+3).
   rF:        It protects you from fire.
   rC:        It protects you from cold.
 p - a +0 helmet
 t - a +0 pair of gloves (worn)
 u - a +2 robe of willpower
 F - a +2 kite shield of cold resistance
 I - a +1 hat (worn)
 Z - a +1 pair of boots (worn)
Jewellery
 x - a ring of flight (left hand)
 G - a ring of ice
 P - a +5 ring of evasion (right hand)
 R - an amulet of reflection
 S - an amulet of the acrobat
 W - an amulet of regeneration (around neck)
Wands
 j - a wand of acid (4)
 q - a wand of charming (9)
 w - a wand of flame (29) (quivered)
 y - a wand of digging (7)
 A - a wand of mindburst (5)
 O - a wand of polymorph (4)
Scrolls
 c - 3 scrolls of fog
 f - a scroll of enchant armour
 g - 3 scrolls of poison
 i - 3 scrolls of torment {unknown}
 l - 5 scrolls of teleportation
 J - 2 scrolls of revelation
 K - 6 scrolls of enchant weapon
 L - 2 scrolls of blinking {unknown}
 M - 2 scrolls of summoning {unknown}
 T - a scroll of fear {unknown}
 V - 5 scrolls of immolation
 X - 2 scrolls of amnesia
 Y - 3 scrolls of vulnerability {unknown}
Potions
 b - 3 potions of magic
 d - 3 potions of berserk rage
 e - 3 potions of cancellation
 h - a potion of ambrosia
 k - 10 potions of curing
 r - 4 potions of enlightenment
 s - 4 potions of brilliance
 v - 2 potions of mutation
 z - 5 potions of attraction
 B - 9 potions of haste
 C - 2 potions of lignification
 D - a potion of resistance
 E - 3 potions of invisibility
 U - a potion of heal wounds
Miscellaneous
 H - a piece from Xom's chessboard (15/15)
 Q - a lightning rod (4/4)


   Skills:
 + Level 7.6 Fighting
 - Level 4.3 Ranged Weapons
 - Level 2.0 Armour
 - Level 7.4 Dodging
 - Level 7.4 Stealth
 + Level 19.2 Spellcasting
 - Level 16.0 Conjurations
 - Level 8.0 Hexes
 - Level 9.2 Summonings
 - Level 3.6 Translocations
 - Level 4.5 Transmutations
 + Level 9.2 Fire Magic
 - Level 3.5 Evocations


You had 25 spell levels left.
You knew the following spells:

 Your Spells              Type           Power      Damage    Failure   Level
a - Magic Dart            Conj           100%       1d8       0%          1
b - Searing Ray           Conj           100%       2d8       0%          2
c - Fulminant Prism       Conj/Hex       40%        3d19      1%          4
d - Iskenderun's Mystic   Conj/Tloc      74%        2d15      1%          4
e - Summon Small Mammal   Summ           100%       N/A       1%          1
f - Flame Wave            Conj/Fire      83%        2d18      1%          4
g - Irradiate             Conj/Tmut      38%        3d24      1%          5
h - Starburst             Conj/Fire      41%        6d12      1%          6

Your spell library contained the following spells:

 Spells                   Type           Power      Damage    Failure   Level
 Iskenderun's Battlesphe  Conj           92%        2d14      1%          5
 Apportation              Tloc           100%       N/A       1%          1
 Shock                    Conj/Air       100%       1d9       1%          1
 Sting                    Tmut/Pois      100%       1d8       1%          1
 Lesser Beckoning         Tloc           100%       N/A       1%          2
 Dazzling Flash           Conj/Hex       100%       N/A       1%          3
 Gell's Gravitas          Tloc           51%        N/A       1%          3
 Hailstorm                Conj/Ice       68%        3d14      1%          3
 Inner Flame              Hex/Fire       70%        N/A       1%          3
 Teleport Other           Tloc           51%        N/A       1%          3
 Sticky Flame             Conj/Fire      83%        2d9       1%          4
 Necrotise                Necr           100%       1d9       2%          1
 Summon Forest            Summ/Tloc      31%        N/A       4%          5
 Airstrike                Air            14%        2d(3-19)  6%          4
 Swiftness                Air            29%        N/A       7%          3
 Ice Form                 Ice/Tmut       44%        N/A       9%          4
 Eringya's Noxious Bog    Tmut/Pois      22%        N/A       32%         6
 Summon Hydra             Summ           36%        N/A       38%         7
 Malign Gateway           Summ/Tloc      31%        N/A       78%         7
 Summon Horrible Things   Summ           36%        N/A       97%         8
 Simulacrum               Ice/Necr       14%        N/A       98%         6


Dungeon Overview and Level Annotations

Branches:
Dungeon (11/15)            Temple (1/1) D:6            Lair (5/5) D:8
 Shoals (0/4) Lair:3        Snake (2/4) Lair:3        Slime (0/5) Lair:5
  Sewer (visited)          Bailey (visited)           IceCv (visited)
    Orc: D:9-12

Altars:
Ashenzari
Cheibriados
Dithmenos
Elyvilon
Fedhas
Gozag
Hepliaklqana
Kikubaaqudgha
Makhleb
Nemelex Xobeh
Okawaru
Qazlal
Ru
Sif Muna
Trog
Uskayaw
Vehumet
Wu Jian
Xom
Yredelemnul
Zin
The Shining One
Jiyva

Portals:
Trove: D:10 (give +5 demon whip)

Annotations:
D:6 exclusion: downstairs
D:8 2 runed translucent doors
D:10 exclusion: downstairs
Lair:3 1 runed translucent door, mertasd123's ghost, journeyman MfGl
Lair:4 exclusion: downstairs
Snake:1 exclusion: 2 downstairs
Snake:2 Azrael; Nikola


Innate Abilities, Weirdness & Mutations

You have a pair of small horns on your head.
You are partially covered in iridescent scales. (AC +2)
You possess an exceptional clarity of mind.
You are highly strong-willed. (Will++)


Message History

Your fulminant prism explodes!
The blast of energy engulfs the salamander tyrant!!
The salamander tyrant is moderately wounded.
The blast of energy engulfs the salamander mystic!!
The salamander mystic is heavily wounded.
Unknown command.
Casting: Fulminant Prism (safe; 1% risk of failure)
Confirm with . or Enter, or press ? or * to list all spells.
You can't see any susceptible monsters within range! (Use Z to cast anyway.) Unknown command.
Unknown command.
Casting: Fulminant Prism (safe; 1% risk of failure)
Confirm with . or Enter, or press ? or * to list all spells.
Aiming: Fulminant Prism (safe; 1% risk of failure)
Press: ? - help, Dir - move target You conjure a prism of explosive energy!
A fulminant prism comes into view.
The salamander hits your fulminant prism with a +0 trident!
Your fulminant prism is engulfed in flames!
Your fulminant prism resists.
The salamander shoots an arrow.
The arrow completely misses you.
The salamander hits your fulminant prism with a +0 trident!
Your fulminant prism detonates feebly.
The salamander mystic casts a spell at the salamander tyrant.
The salamander tyrant seems to speed up.
The salamander shoots an arrow.
The arrow barely misses you.
The salamander tyrant rends the earth beneath you!
The blast of magma engulfs you!!!
Ouch! That really hurt!
You see here a black mamba skeleton.
Press: ? - help, v - describe, . - travel
Here: a salamander tyrant (moderately wounded, fast)
The floor.
The salamander mystic gestures at the salamander while chanting.
The salamander seems to speed up.
The salamander shoots an arrow.
The arrow hits you! The arrow burns you.
The salamander tyrant calls gouts of flame from the lava!
The flame surge hits you!!!
Ouch! That really hurt!
You die...

#....####,
################........,
###############..#,.N.,**
##############.N##..#,,**
############....#..#**,,,
#########.........#***,,,
#######..≈.≈......#*,*,,,
######...≈÷N..........,,,
#####..<@.N)N#......##**,
####.##..#.####...#.#***,
###......###.....##..#,,,
###....#N#......##,*.#,,,
##.....#..###...#*,,,,,,,
##....##..#####.#,,,,,,,,
#......#.....##.,,,*,,,**
*#.......#........,,*,,**,
*,.......###......,*,,**,,


You could see a naga warrior, a salamander tyrant (fast), a salamander mystic
and 2 salamanders.

Vanquished Creatures
  2 Ice Fiends (IceCv)
  Gastronok (D:11)
  A fire dragon (Lair:5)
  2 caustic shrike simulacra (IceCv)
  A catoblepas (Lair:3)
  A boulder beetle (Lair:5)
  2 two-headed ogres (D:10)
  3 hydras
  6 anacondas
  4 naga warriors
  An alligator (Lair:5)
  A naga sharpshooter (Snake:2)
  4 shock serpents
  3 skysharks
  Nergalle (D:11)
  Amaemon (Lair:2)
  5 naga ritualists
  2 bog bodies (IceCv)
  2 obsidian statues (IceCv)
  An orc knight (Bailey)
  2 harpies (Lair:3)
  A lindwurm (Lair:5)
  An ugly thing (D:9)
  5 mana vipers
  5 salamanders (Snake:1)
  37 black mambas
  10 naga magi
  6 elephants
  3 guardian serpents (Snake:1)
  8 cane toads
  A torpor snail (Lair:5)
  2 molten gargoyles (Lair:5)
  An orange demon (Lair:2)
  5 freezing wraiths (IceCv)
  Psyche (D:9)
  An anaconda simulacrum (IceCv)
  A rime drake (Lair:1)
  2 kobold demonologists
  14 komodo dragons
  A troll (D:11)
  3 polar bears
  A hornet (D:9)
  24 blink frogs
  10 dream sheep (Lair:5)
  A slime creature (Lair:5)
  A shadow (D:11)
  32 yaks
  7 wyverns
  4 fire elementals (Snake:2)
  3 steam dragons
  5 basilisks
  22 nagas
  Duvessa (D:7)
  3 hydra simulacra (IceCv)
  16 water moccasins
  6 hell hounds
  8 orc warriors
  2 black bears
  3 ice beasts
  An alligator simulacrum (IceCv)
  2 sky beasts
  4 ogres
  5 ettin simulacra (IceCv)
  6 centaurs
  A phantom (D:4)
  3 kobold brigands
  Blork the orc (D:5)
  5 bullfrogs
  A gnoll sergeant (D:11)
  6 scorpions
  2 deep troll simulacra (IceCv)
  Dowan (D:7)
  A lindwurm simulacrum (IceCv)
  3 howler monkeys
  An electric eel (Lair:2)
  5 lava snakes (Lair:5)
  4 hounds
  3 jellies
  A gnoll bouda (D:8)
  3 orc priests
  Crazy Yiuf (D:3)
  5 iguanas
  3 sleepcaps
  6 hell rats
  9 orc wizards
  Robin (D:4)
  15 gnolls
  12 adders
  11 river rats
  A shadow imp (D:6)
  A worm (D:2)
  A dart slug (D:3)
  41 orcs
  10 ball pythons
  3 bats
  3 endoplasms
  A giant cockroach (D:1)
  16 hobgoblins
  4 quokkas
  4 frilled lizards
  17 goblins
  31 kobolds
  26 rats
  3 fulminant prisms
587 creatures vanquished.

Vanquished Creatures (others)
  399 fulminant prisms
399 creatures vanquished.

Grand Total: 986 creatures vanquished

Notes
Turn   | Place    | Note
-------+----------+-------------------------------------------
     0 | D:1      | AvylaarBelgium the Deep Elf Conjurer began the quest for
                  | the Orb.
     0 | D:1      | Reached XP level 1. HP: 10/10 MP: 6/6
   198 | D:1      | Reached XP level 2. HP: 15/15 MP: 6/8
   921 | D:2      | Reached skill level 4 in Spellcasting
   948 | D:2      | Reached skill level 5 in Conjurations
   948 | D:2      | Reached XP level 3. HP: 8/19 MP: 1/10
  1541 | D:3      | Reached XP level 4. HP: 24/24 MP: 6/12
  1688 | D:3      | Learned a level 2 spell: Searing Ray
  1802 | D:3      | Reached skill level 5 in Spellcasting
  1914 | D:3      | Found a runed translucent door.
  1915 | D:3      | Noticed Crazy Yiuf
  2027 | D:3      | Noticed a black bear
  2033 | D:3      | Killed a black bear
  2034 | D:3      | Reached skill level 6 in Spellcasting
  2034 | D:3      | Reached XP level 5. HP: 9/28 MP: 6/15
  2542 | D:4      | Reached XP level 6. HP: 32/32 MP: 7/17
  2586 | D:4      | Noticed Robin
  2592 | D:4      | Killed Robin
  2835 | D:4      | Found an opulent altar of Gozag.
  2835 | D:4      | Found a burning altar of Makhleb.
  2835 | D:4      | Found a hazy altar of Hepliaklqana.
  2948 | D:4      | Reached skill level 7 in Spellcasting
  3201 | D:5      | Entered Level 5 of the Dungeon
  3236 | D:5      | Reached XP level 7. HP: 30/36 MP: 9/19
  3269 | D:5      | Noticed Blork the orc
  3467 | D:6      | Found a glowing drain.
  3480 | D:6      | Reached skill level 8 in Spellcasting
  3528 | Sewer    | Entered a sewer
  3930 | D:6      | Learned a level 4 spell: Fulminant Prism
  3935 | D:6      | Learned a level 4 spell: Iskenderun's Mystic Blast
  3937 | D:6      | Learned a level 1 spell: Summon Small Mammal
  3959 | D:6      | Reached skill level 9 in Spellcasting
  3959 | D:6      | Reached XP level 8. HP: 41/41 MP: 0/23
  4109 | D:6      | Found a staircase to the Ecumenical Temple.
  4138 | Temple   | Entered the Ecumenical Temple
  4214 | D:6      | Reached skill level 10 in Spellcasting
  4302 | D:6      | Reached skill level 1 in Hexes
  4762 | D:7      | Noticed Duvessa
  4762 | D:7      | Noticed Dowan
  4906 | D:7      | Killed Duvessa
  4916 | D:7      | Killed Dowan
  4917 | D:7      | Reached XP level 9. HP: 45/45 MP: 0/25
  5485 | D:7      | Found a shimmering altar of Xom.
  5792 | D:8      | Reached skill level 5 in Stealth
  6034 | D:9      | Noticed a brown ugly thing
  6043 | D:9      | Noticed Psyche
  6049 | D:9      | Killed Psyche
  6050 | D:9      | Reached skill level 5 in Dodging
  6050 | D:9      | Reached skill level 11 in Spellcasting
  6050 | D:9      | Reached skill level 10 in Conjurations
  6057 | D:9      | Gained mutation: You have a pair of small horns on your
                  | head. [potion of mutation]
  6057 | D:9      | Gained mutation: You are strong-willed. (Will+) [potion of
                  | mutation]
  6057 | D:9      | Gained mutation: You have hidden genetic potential. [potion
                  | of mutation]
  6057 | D:9      | Gained mutation: You possess an exceptional clarity of
                  | mind. [potion of mutation]
  6064 | D:9      | Killed a brown ugly thing
  6065 | D:9      | Reached skill level 5 in Hexes
  6214 | D:9      | Reached XP level 10. HP: 50/50 MP: 6/27
  6324 | D:9      | Found a flagged portal.
  6350 | Bailey   | Entered a bailey
  6401 | Bailey   | Noticed an orc warlord
  6443 | Bailey   | Noticed an orc knight
  6453 | Bailey   | Killed an orc knight
  6508 | Bailey   | Found a runed translucent gate.
  6521 | Bailey   | Found a runed translucent gate.
  6522 | Bailey   | Found a runed translucent gate.
  7414 | D:9      | Gained mutation: You are highly strong-willed. (Will++)
                  | [hidden potential]
  7438 | D:9      | Reached skill level 12 in Spellcasting
  7779 | D:8      | Found a staircase to the Lair.
  7969 | D:8      | Found a runed translucent door.
  7977 | D:8      | Found a runed translucent door.
  7977 | D:8      | Noticed a cyclops
  7977 | D:8      | Noticed a centaur warrior
  8325 | D:10     | Entered Level 10 of the Dungeon
  8411 | D:10     | Noticed a two-headed ogre
  8421 | D:10     | Killed a two-headed ogre
  9087 | D:5      | Reached skill level 1 in Ranged Weapons
  9139 | D:5      | Killed Blork the orc
  9490 | D:5      | Found a stormy altar of Qazlal.
  9570 | D:5      | Found a glowing golden altar of the Shining One.
  9809 | D:3      | Killed Crazy Yiuf
 10149 | D:10     | Noticed a two-headed ogre
 10165 | D:10     | Killed a two-headed ogre
 10166 | D:10     | Reached XP level 11. HP: 55/55 MP: 11/29
 10310 | D:10     | Found a radiant altar of Vehumet.
 10324 | D:10     | Became a worshipper of Vehumet
 10458 | D:10     | Found a portal to a secret trove of treasure.
 10603 | D:11     | Noticed Gastronok
 10829 | D:11     | Killed Gastronok
 10830 | D:11     | Reached skill level 1 in Fighting
 10830 | D:11     | Reached skill level 1 in Armour
 10830 | D:11     | Reached skill level 1 in Summonings
 10830 | D:11     | Reached skill level 1 in Translocations
 10830 | D:11     | Reached skill level 1 in Evocations
 10835 | D:11     | Gained mutation: You are partially covered in iridescent
                  | scales. (AC +2) [hidden potential]
 10835 | D:11     | Lost mutation: You have hidden genetic potential. [hidden
                  | potential expressed]
 10872 | D:11     | Noticed Nergalle
 11019 | D:11     | Killed Nergalle
 11020 | D:11     | Reached skill level 13 in Spellcasting
 12220 | Lair:1   | Entered Level 1 of the Lair of Beasts
 13315 | Lair:1   | Reached XP level 12. HP: 64/64 MP: 17/31
 13522 | Lair:1   | Reached skill level 5 in Fighting
 13522 | Lair:1   | Reached skill level 14 in Spellcasting
 13522 | Lair:1   | Reached XP level 13. HP: 72/72 MP: 31/33
 13627 | Lair:1   | Reached skill level 15 in Spellcasting
 13699 | Lair:1   | Reached * piety under Vehumet
 13699 | Lair:1   | Offered knowledge of Sandblast by Vehumet.
 14104 | Lair:1   | Found the +8 whip "Snakebite" {venom, curare, rPois}
 14487 | Lair:2   | Noticed Amaemon
 14502 | Lair:2   | Killed Amaemon
 14720 | Lair:2   | Offered knowledge of Freeze by Vehumet.
 14730 | Lair:2   | Reached ** piety under Vehumet
 14900 | Lair:2   | Found an ornate altar of the Wu Jian Council.
 15157 | Lair:2   | Found a hide-covered altar of Uskayaw.
 15295 | Lair:2   | Identified the +2 battleaxe of Hatred {flame, rC+}
 15399 | Lair:3   | Reached skill level 16 in Spellcasting
 15553 | Lair:3   | Found a staircase to the Shoals.
 15701 | Lair:3   | Reached skill level 5 in Summonings
 15754 | Lair:3   | Got Sif Muna's Directory of the Geodesic and Virulence
 15776 | Lair:3   | Learned a level 4 spell: Flame Wave
 15836 | Lair:3   | Found a staircase to the Snake Pit.
 15840 | Lair:3   | Reached skill level 1 in Fire Magic
 15923 | Lair:3   | Found a runed translucent door.
 15930 | Lair:3   | Noticed mertasd123's ghost (journeyman MfGl)
 16071 | Lair:3   | Offered knowledge of Hailstorm by Vehumet.
 16314 | Lair:4   | Reached *** piety under Vehumet
 17104 | Lair:5   | Entered Level 5 of the Lair of Beasts
 17157 | Lair:5   | Reached XP level 14. HP: 67/80 MP: 11/36
 17202 | Lair:5   | Offered knowledge of Stone Arrow by Vehumet.
 17334 | Lair:5   | Reached skill level 17 in Spellcasting
 17883 | Lair:5   | Reached skill level 15 in Conjurations
 18199 | Lair:5   | Found a large runed translucent door.
 18199 | Lair:5   | Found a large runed translucent door.
 18471 | Lair:5   | Reached skill level 5 in Fire Magic
 18473 | Lair:5   | Reached **** piety under Vehumet
 18709 | Lair:5   | Offered knowledge of Irradiate by Vehumet.
 19178 | Lair:5   | Found a runed translucent door.
 19178 | Lair:5   | Found a viscous altar of Jiyva.
 19180 | Lair:5   | Found a staircase to the Slime Pits.
 19442 | Lair:5   | Learned a level 5 spell: Irradiate
 19516 | Snake:1  | Entered Level 1 of the Snake Pit
 19546 | Snake:1  | Reached skill level 1 in Transmutations
 19626 | Snake:1  | Found a frozen archway.
 19702 | IceCv    | Entered an ice cave
 19711 | IceCv    | Reached ***** piety under Vehumet
 19711 | IceCv    | Offered knowledge of Starburst by Vehumet.
 19828 | IceCv    | Learned a level 6 spell: Starburst
 20256 | IceCv    | Reached skill level 18 in Spellcasting
 20365 | IceCv    | Noticed an Ice Fiend
 20385 | IceCv    | Killed an Ice Fiend
 20625 | IceCv    | Noticed an Ice Fiend
 20872 | IceCv    | Killed an Ice Fiend
 21065 | Snake:1  | Reached XP level 15. HP: 84/84 MP: 23/39
 22444 | Snake:2  | Noticed Azrael
 22474 | Snake:2  | Noticed Nikola
 22568 | Snake:2  | Found a flickering gateway to a bazaar.
 22579 | Bazaar   | Entered a bazaar
 22593 | Bazaar   | Found Coecooke's General Store.
 22605 | Bazaar   | Bought a scroll of teleportation for 39 gold pieces
 22616 | Bazaar   | Found Xeshrua's Distillery.
 22632 | Bazaar   | Found Rithoism's Assorted Antiques.
 22648 | Bazaar   | Found Wioxesch's Assorted Antiques.
 22653 | Bazaar   | Bought a potion of heal wounds for 140 gold pieces
 22998 | Bazaar   | Bought a scroll of identify for 56 gold pieces
 23012 | Bazaar   | Bought a scorched ring mail for 297 gold pieces
 23012 | Bazaar   | Identified the +0 ring mail of the Tired Spirits {rF+ rC+
                  | Int+3} (You bought it in a shop in a bazaar)
 23043 | Bazaar   | Bought a potion of resistance for 110 gold pieces
 23043 | Bazaar   | Bought a potion of curing for 33 gold pieces
 23043 | Bazaar   | Bought a potion of curing for 33 gold pieces
 23043 | Bazaar   | Bought a potion of invisibility for 88 gold pieces
 23043 | Bazaar   | Bought a potion of haste for 110 gold pieces
 23296 | Snake:2  | Reached skill level 19 in Spellcasting
 23569 | Snake:2  | Offered knowledge of Iskenderun's Battlesphere by Vehumet.
 23792 | Snake:2  | Killed from afar by a salamander tyrant

Illustrated notes

Levels and vault maps discovered:
D:1:      dpeg_arrival_rhombus, layout_loops_corners, hangedman_decor_growths,
          minmay_rat_gold_closets
D:2:      layout_rooms, grunt_decor_arrowhead, grunt_ministairs_13
D:3:      layout_basic, item_on_display_a, uniq_crazy_yiuf_cottage
D:4:      layout_loops_ring, gammafunk_temple_overflow_claw, item_on_display_a,
          uniq_robin
D:5:      layout_basic, mainiacjoe_overflow_large_starburst, uniq_blork_the_orc
D:6:      layout_basic, minmay_temple_entry_ruins, gup_sewer_entry_glass
D:7:      layout_basic, xom_butterflies, uniq_duvessa
D:8:      minmay_the_grid_triangle_9x9_rhombus_full
          [minmay_the_grid_triangle_9x9_zippers_vertical,
          minmay_the_grid_triangle_9x9_subtriangle,
          minmay_the_grid_triangle_9x9_tough_junction,
          minmay_the_grid_triangle_9x9_swiss_cheese,
          minmay_the_grid_triangle_9x9_longest,
          minmay_the_grid_triangle_9x9_alien,
          minmay_the_grid_triangle_9x9_shrine,
          minmay_the_grid_triangle_9x9_prize_top_heavy], layout_loops_corners
D:9:      nicolae_cairo_tiling_large, layout_cave_pools, enter_bailey_6,
          special_room [special_room_orc], uniq_psyche
D:10:     layout_long_grid, vehumet_altar_wand_db, nicolae_trove_entry_columns
D:11:     layout_loops_corners, uniq_nergalle, uniq_gastronok
Temple:   hellmonk_temple_of_storms
Lair:1:   minmay_guarded_unrand_snakebite, layout_regular_city
Lair:2:   layout_chaotic_city, st_stairs_4, serial_bayou_pond_a,
          nzn_masters_of_martial_movement, grunt_megastairs_3,
          infiniplex_staircase_pool, lemuel_fruit_fields, lemuel_fruit_tree,
          serial_bayou_shore_a, uniq_amaemon
Lair:3:   layout_hall_layers, nicolae_shoals_entry_roost,
          nicolae_snake_entry_squirm, ebering_ghost_reflecting_pool,
          infiniplex_staircase_pool_2
Lair:4:   layout_regular_city
Lair:5:   cheibrodos_lair_end_hotspot, layout_small_grid, slime_entry_2,
          kennysheep_abandoned_house
Snake:1:  layout_grid_maze, portal_ice_cave_entry_pillars_2
Snake:2:  layout_onion_interference, serial_shops, bzr_entry_road, uniq_nikola,
          uniq_azrael

Skill      XL: |  1  2  3  4  5  6  7  8  9 10 11 12 13 14 15 |
---------------+----------------------------------------------+-----
Spellcasting   | 4 6 7 9 10 11 12 13 14 16 18 19 | 19.2
Conjurations   | 5 6 7 8 9 10 11 12 13 14 15 16 | 16.0
Hexes          | 2 5 8 |  8.0
Dodging        | 3 5 7 |  7.4
Stealth        | 4 6 7 |  7.4
Ranged Weapons | 2 4 |  4.3
Fighting       | 3 5 6 7 |  7.6
Armour         | 2 |  2.0
Summonings     | 3 6 8 9 |  9.2
Translocations | 3 |  3.6
Evocations     | 3 |  3.5
Fire Magic     | 3 7 9 |  9.2
Transmutations | 3 4 |  4.5

Action                     |  1- 3 |  4- 6 |  7- 9 | 10-12 | 13-15 || total
---------------------------+-------+-------+-------+-------+-------++-------
  Melee: Mace              |       |    11 |     4 |       |       ||    15
         Unarmed           |       |       |     3 |       |       ||     3
         Short sword       |       |       |     2 |    34 |       ||    36
         Headbutt          |       |       |     1 |     5 |    16 ||    22
         Whip              |       |       |       |       |    73 ||    73
         Punch             |       |       |       |       |     1 ||     1
   Fire: Shortbow          |       |       |       |    60 |    11 ||    71
   Cast: Magic Dart        |    76 |    60 |    71 |    24 |    12 ||   243
         Searing Ray       |       |    12 |    19 |    14 |    38 ||    83
         Fulminant Prism   |       |       |    43 |   103 |   257 ||   403
         Summon Small Mamm |       |       |     1 |     5 |     1 ||     7
         Iskenderun's Myst |       |       |     2 |    78 |   164 ||   244
         Starburst         |       |       |       |       |    25 ||    25
         Flame Wave        |       |       |       |       |     1 ||     1
  Evoke: Wand              |       |       |    13 |     8 |     8 ||    29
         Piece from Xom's  |       |       |       |     1 |     2 ||     3
    Use: Scroll            |       |       |    15 |     4 |     8 ||    27
         Potion            |       |       |     1 |     1 |     8 ||    10
   Stab: Distracted        |       |       |       |       |     1 ||     1
         Sleeping          |       |       |       |       |     1 ||     1
 Armour: Robe              |     3 |     6 |     3 |    29 |    10 ||    51
         Skin              |       |       |     1 |       |     6 ||     7
         Leather armour    |       |       |       |       |    35 ||    35
  Dodge: Dodged            |     2 |    23 |    25 |    96 |   189 ||   335
  Block: Other             |       |       |       |    21 |    37 ||    58
         Reflection        |       |       |       |     2 |       ||     2

Table legend: (Time is in decaauts)
 A = Elapsed time spent in this place.
 B = Non-inter-level travel time spent in this place.
 C = Inter-level travel time spent in this place.
 D = Time resting spent in this place.
 E = Time spent auto-exploring this place.
 F = Levels seen in this place.
 G = Mean time per level.
                   A        B        C        D        E       F      G
               +--------+--------+--------+--------+--------+-----+--------+
         Total |  23904 |  22768 |   1136 |   6804 |  10604 |  23 | 1039.3 |
       Dungeon |  11496 |  10568 |    928 |   2533 |   6260 |  11 | 1045.1 |
        Temple |     43 |     41 |      2 |      0 |     22 |   1 |   43.0 |
          Lair |   6716 |   6580 |    136 |   2119 |   2919 |   5 | 1343.2 |
     Snake Pit |   2411 |   2342 |     69 |    878 |    749 |   2 | 1205.5 |
        Bazaar |    510 |    510 |      0 |    300 |     73 |   1 |  510.0 |
         Sewer |    419 |    419 |      0 |     44 |    282 |   1 |  419.0 |
        Bailey |    950 |    950 |      0 |     45 |    176 |   1 |  950.0 |
      Ice Cave |   1356 |   1356 |      0 |    885 |    123 |   1 | 1356.0 |
               +--------+--------+--------+--------+--------+-----+--------+

Top non-repeatable levels by time:
  Lair:5: 2353 daAuts
 Snake:1: 2085 daAuts
     D:8: 1834 daAuts
  Lair:1: 1738 daAuts
   IceCv: 1356 daAuts
    D:10: 1208 daAuts
     D:6: 1203 daAuts
    D:11: 1118 daAuts
     D:3: 1109 daAuts
     D:7: 1104 daAuts
  Bailey: 950 daAuts
  Lair:4: 943 daAuts
     D:1: 898 daAuts
     D:9: 869 daAuts
  Lair:2: 841 daAuts
